 Dungeon Crawl Stone Soup version 0.19.1-1-g22dce08 (webtiles) character file.

3917 Alarkh the Cleaver (level 10, 68/70 HPs)
             Began as a Demonspawn Monk on Jan 7, 2017.
             Was a High Priest of Okawaru.
             Quit the game on level 8 of the Dungeon.
             The game lasted 00:09:27 (8042 turns).

Alarkh the Cleaver (Demonspawn Monk)                Turns: 8042, Time: 00:09:28

Health: 68/70      AC: 12    Str: 11    XL:     10   Next: 1%
Magic:  9/10       EV: 13    Int: 17    God:    Okawaru [*****.]
Gold:   576        SH:  0    Dex: 18    Spells: 0 memorised, 9 levels left

rFire  . . .     SeeInvis .     a - +5 battleaxe
rCold  + + .     Gourm    .     u - +2 ring mail {rC+}
rNeg   . . .     Faith    .     (shield currently unavailable)
rPois  +         Spirit   +     H - +1 hat
rElec  .         Reflect  .     (no cloak)
rCorr  .         Harm     .     z - +0 pair of gloves
MR     .....                    n - +0 pair of boots
Stlth  +.........               (no amulet)
                                o - +2 ring of evasion
                                y - ring of poison resistance

@: no status effects
A: horns 1, thin metallic scales 1, agile 1, clever 1, cold resistance 1,
demonic guardian 2, regeneration 1, magic shield, MP-powered wands
a: Heroism, Finesse, Renounce Religion


You were on level 8 of the Dungeon.
You worshipped Okawaru.
Okawaru was extremely pleased with you.
You were not hungry.

You visited 2 branches of the dungeon, and saw 9 of its levels.

You collected 576 gold pieces.

Inventory:

Hand Weapons
 a - a +5 battleaxe (weapon)
 F - a +2 trident of protection
 J - a +0 hand axe
 M - the +3 giant club "Skullcrusher" {speed, Str+7}
   (You found it on level 8 of the Dungeon)

   Attacks with this weapon are significantly faster.
   It affects your strength (+7).
Missiles
 P - 4 throwing nets (quivered)
Armour
 b - a +0 robe
 n - a +0 pair of boots (worn)
 u - a +2 ring mail of cold resistance (worn)
 z - a +0 pair of gloves (worn)
 H - a +1 hat (worn)
Jewellery
 o - a +2 ring of evasion (right hand)
 t - an uncursed ring of see invisible
 w - an uncursed ring of magical power
 y - a ring of poison resistance (left hand)
Wands
 G - a wand of confusion (37/48)
 O - a wand of paralysis (17/24)
Scrolls
 d - 2 scrolls of amnesia
 e - a scroll of identify
 f - a scroll of blinking
 h - 5 scrolls of remove curse
 q - a scroll of magic mapping {unknown}
 s - a scroll of fog {unknown}
 x - a scroll of recharging
 I - a scroll of fear
 L - a scroll of immolation {unknown}
 R - a scroll of teleportation {unknown}
 S - a scroll of enchant weapon {unknown}
Potions
 g - a potion of cancellation
 i - 3 potions of haste
 k - a potion of cure mutation
 m - 2 potions of mutation
 p - a potion of brilliance
 r - 5 potions of heal wounds
 v - 6 potions of flight
 B - a potion of berserk rage
 C - 2 potions of curing
 D - a potion of might
 K - 2 potions of agility
Books
 E - a book of Conjurations

   Spells                             Type                      Level
   a - Magic Dart                     Conjuration                  1
   b - Searing Ray                    Conjuration                  2
   c - Dazzling Spray                 Conjuration/Hexes            3
   d - Fulminant Prism                Conjuration/Hexes            4
   e - Iskenderun's Mystic Blast      Conjuration                  4
   f - Iskenderun's Battlesphere      Conjuration/Charms           5
 N - a book of Misfortune

   Spells                             Type                      Level
   a - Confusing Touch                Hexes                        1
   b - Confuse                        Hexes                        3
   c - Gell's Gravitas                Hexes/Translocation          3
   d - Petrify                        Transmutation/Earth          4
   e - Metabolic Englaciation         Hexes/Ice                    5
   f - Yara's Violent Unravelling     Hexes/Transmutation          5
Comestibles
 c - 9 bread rations
 j - 3 fruits
 l - 8 beef jerkies
 A - 5 meat rations
 Q - a royal jelly
 T - 2 chunks of flesh


   Skills:
 - Level 3.0 Fighting
 + Level 13.0 Axes
 - Level 2.6 Dodging
 - Level 1.7 Stealth


You had 9 spell levels left.
You didn't know any spells.

Dungeon Overview and Level Annotations

Branches:
Dungeon (8/15)             Temple (1/1) D:5            Lair (0/6) D:8

Altars:
Ashenzari
Cheibriados
Dithmenos
Elyvilon
Fedhas
Gozag
Hepliaklqana
Kikubaaqudgha
Makhleb
Okawaru
Qazlal
Ru
Sif Muna
Trog
Uskayaw
Vehumet
Xom
Yredelemnul
Zin
The Shining One

Shops:
D:8 [


Innate Abilities, Weirdness & Mutations

You have a pair of small horns on your head.
You are partially covered in thin metallic scales. (AC +2)
A demonic guardian rushes to your aid.
When hurt, damage is shared between your health and your magic reserves.
You are agile. (Dex +2)
Your mind is acute. (Int +2)
Your flesh is cold resistant. (rC+)
Your natural rate of healing is unusually fast.
You expend magic power (3 MP) to strengthen your wands.


Message History

No target in view!
No target in view!
P - 2 throwing nets (gained 1)
You see here a flail.
P - 4 throwing nets (gained 2)
You see here a spear.
You see here a flail.
You butcher the bullfrog corpse.
T - 3 chunks of flesh Eating one of 3 chunks of flesh.
You start eating one of the 3 chunks of flesh.
This raw flesh tastes terrible.
The bullfrog is too close now for your liking.
A bullfrog is nearby!
A bullfrog is nearby!
No target in view!
No target in view!
No target in view!
No target in view!
Are you sure you want to abandon this character and quit the game? (Confirm with "yes".)

#.# #.#.# ##.# #.#.# #.## #)#.#
.###.## #)#.# ......# # ####.#.#
........ ..##....#.##### ####....
........#.....## ###
####......###.[###
#####.(....@.........#######
####.............[###.###......[#
................(.# #.# #..####.#
#.##.### ##.#...#.# #+# #..# #.#
#.##.## #.#...... ..(.# #.#
......# # #...#.## ###.## #.#
#.##..# #####.# #.# #.# #.##.>#
..## #.# #.# ......# ....
..#####.#


There were no monsters in sight!

Vanquished Creatures
  Sigmund (D:2)
  2 hungry ghosts
  3 yaks (D:8)
  A water moccasin (D:8)
  A necrophage (D:8)
  A phantom (D:7)
  5 ogres
  2 centaurs
  A big kobold (D:7)
  Blork the orc (D:6)
  5 bullfrogs
  2 scorpions
  7 killer bees
  3 wights (D:6)
  A howler monkey (D:5)
  3 crimson imps
  A hound (D:4)
  4 jellies
  An orc wizard (D:6)
  A bullfrog skeleton (D:7)
  4 iguanas
  A hound skeleton (D:7)
  3 gnolls (D:8)
  10 adders
  A shadow imp (D:5)
  2 oozes (D:2)
  An adder skeleton (D:4)
  4 worms
  5 dart slugs
  5 leopard geckos
  11 orcs
  4 giant cockroaches
  8 goblins
  8 hobgoblins
  10 jackals
  5 kobolds
  4 quokkas
  3 ball pythons
  4 bats
  9 frilled lizards
  A quokka skeleton (D:7)
  7 rats
  2 rat zombies (D:6)
158 creatures vanquished.

Vanquished Creatures (collateral kills)
  Joseph (D:7)
  A wyvern (D:5)
  Eustachio (D:6)
  A yak (D:8)
  2 ogres
  A killer bee (D:7)
  A wight (D:6)
  A crimson imp (D:8)
  A jelly (D:3)
  A shadow imp (D:6)
  An orc (D:6)
  An iguana (D:3)
13 creatures vanquished.

Grand Total: 171 creatures vanquished

Notes
Turn   | Place    | Note
-------+----------+-------------------------------------------
     0 | D:1      | Alarkh the Demonspawn Monk began the quest for the Orb.
     0 | D:1      | Reached XP level 1. HP: 18/18 MP: 1/1
   405 | D:1      | Reached skill level 3 in Axes
   556 | D:1      | Gained mutation: A weak demonic guardian rushes to your aid. [demonic ancestry]
   556 | D:1      | Reached XP level 2. HP: 23/24 MP: 2/2
  1429 | D:1      | Gained mutation: You have a pair of small horns on your head. [demonic ancestry]
  1429 | D:1      | Reached XP level 3. HP: 28/29 MP: 3/3
  1661 | D:2      | Found a snail-covered altar of Cheibriados.
  1917 | D:2      | Reached skill level 4 in Axes
  1921 | D:2      | Noticed Sigmund
  1927 | D:2      | Gained mutation: You expend magic power (3 MP) to strengthen your wands. [potion of mutation]
  1927 | D:2      | Gained mutation: You are agile. (Dex +2) [potion of mutation]
  1927 | D:2      | Gained mutation: Your flesh is cold resistant. (rC+) [potion of mutation]
  1938 | D:2      | Killed Sigmund
  1938 | D:2      | Reached skill level 5 in Axes
  1938 | D:2      | Reached XP level 4. HP: 17/35 MP: 4/4
  1938 | D:2      | Reached XP level 5. HP: 20/41 MP: 5/5
  2109 | D:2      | Found a burning altar of Makhleb.
  2109 | D:2      | Found a deep blue altar of Sif Muna.
  2112 | D:2      | Found a shadowy altar of Dithmenos.
  2853 | D:3      | Found a shimmering altar of Xom.
  3235 | D:3      | Gained mutation: Your mind is acute. (Int +2) [potion of beneficial mutation]
  3375 | D:3      | Found a shattered altar of Ashenzari.
  3483 | D:3      | Found a sacrificial altar of Ru.
  3505 | D:3      | Reached skill level 6 in Axes
  3584 | D:3      | Gained mutation: A demonic guardian rushes to your aid. [demonic ancestry]
  3584 | D:3      | Reached XP level 6. HP: 42/47 MP: 6/6
  4349 | D:4      | Found a white marble altar of Elyvilon.
  4560 | D:5      | Entered Level 5 of the Dungeon
  4565 | D:5      | Found a staircase to the Ecumenical Temple.
  4578 | Temple   | Entered the Ecumenical Temple
  4785 | Temple   | Became a worshipper of Warmaster Okawaru
  4785 | Temple   | Reached * piety under Okawaru
  4785 | Temple   | Reached ** piety under Okawaru
  4890 | D:5      | Noticed a wyvern
  4894 | D:5      | Killed a wyvern
  4894 | D:5      | Reached skill level 7 in Axes
  4937 | D:5      | Reached XP level 7. HP: 43/52 MP: 7/7
  5320 | D:5      | Reached skill level 8 in Axes
  5438 | D:5      | Found a bloodstained altar of Trog.
  5438 | D:5      | Found an opulent altar of Gozag.
  6150 | D:6      | Reached *** piety under Okawaru
  6150 | D:6      | Reached skill level 9 in Axes
  6150 | D:6      | Gained mutation: You are partially covered in thin metallic scales. (AC +2) [demonic ancestry]
  6150 | D:6      | Reached XP level 8. HP: 45/58 MP: 8/8
  6235 | D:6      | Noticed Blork the orc
  6240 | D:6      | Noticed Eustachio
  6244 | D:6      | Killed Blork the orc
  6257 | D:6      | Killed Eustachio
  6268 | D:6      | Reached skill level 10 in Axes
  6309 | D:6      | Gained mutation: Your natural rate of healing is unusually fast. [potion of beneficial mutation]
  6349 | D:6      | Found an ancient bone altar of Kikubaaqudgha.
  6523 | D:7      | Reached **** piety under Okawaru
  6673 | D:7      | Reached skill level 11 in Axes
  6673 | D:7      | Reached XP level 9. HP: 63/63 MP: 9/9
  7007 | D:7      | Noticed Joseph
  7015 | D:7      | Killed Joseph
  7524 | D:8      | Found a staircase to the Lair.
  7533 | D:8      | Reached skill level 12 in Axes
  7747 | D:8      | Found Teahuh's Armour Boutique.
  7774 | D:8      | Reached ***** piety under Okawaru
  7888 | D:8      | Reached skill level 13 in Axes
  8017 | D:8      | Gained mutation: When hurt, damage is shared between your health and your magic reserves. [demonic ancestry]
  8017 | D:8      | Reached XP level 10. HP: 70/70 MP: 10/10
  8042 | D:8      | Quit the game

Skill      XL: |  1  2  3  4  5  6  7  8  9 |
---------------+----------------------------+-----
Axes           | 3 5 6 7 9 11 13 | 13.0
Fighting       | |  3.0
Dodging        | |  2.6
Stealth        | |  1.7

Action                   |  1- 3 |  4- 6 |  7- 9 | 10-12 || total
-------------------------+-------+-------+-------+-------++-------
Melee: Hand axe          |    92 |   186 |   143 |       ||   421
       Headbutt          |     4 |    34 |    44 |     3 ||    85
       Punch             |       |       |     1 |       ||     1
       Battleaxe         |       |       |   185 |    10 ||   195
Invok: Heroism           |       |       |     3 |       ||     3
Evoke: Wand              |       |       |     1 |       ||     1
  Use: Potion            |     2 |     4 |     3 |       ||     9
       Scroll            |       |     4 |     8 |       ||    12
 Stab: Sleeping          |     6 |     6 |     3 |       ||    15
       Distracted        |       |     2 |     2 |       ||     4
  Eat: Chunk             |     2 |     9 |    13 |     1 ||    25
       Fruit             |       |       |     1 |       ||     1
Armor: Robe              |    15 |     6 |       |       ||    21
       Ring mail         |       |    34 |   130 |     4 ||   168
Dodge: Dodged            |    52 |   129 |   234 |     7 ||   422
